[ AOE2 MATCH · #479030209 ]
UnrankedBohemians vs Franks
[ REPLAY ANALYSIS · EXTRACTED FROM THE RECORDED GAME ]
Feudal
13:56
Castle
18:51
Imperial
33:36
| APM avg | 27.5 |
| APM peak | 102 |
| eAPM avg | 23.9 |
| Villagers / military | 440 / 114 |
Focus
⚔️ 14.3% · 🌾 85.7%
Spearman ×83 · Mangonel ×15 · Hussite Wagon ×9 · Trade Cart ×6 · Scorpion ×3 · Bombard Cannon ×3
Feudal
12:04
Castle
16:28
Imperial
31:48
| APM avg | 30.7 |
| APM peak | 76 |
| eAPM avg | 21.2 |
| Villagers / military | 146 / 107 |
Focus
⚔️ 23.9% · 🌾 76.1%
Knight ×103 · Trebuchet (Packed) ×3 · Monk ×1
Feudal
12:17
Castle
18:48
Imperial
29:09
| APM avg | 20.8 |
| APM peak | 42 |
| eAPM avg | 14.3 |
| Villagers / military | 84 / 87 |
Focus
⚔️ 31.9% · 🌾 68.1%
Cataphract ×73 · Petard ×6 · Trebuchet (Packed) ×6 · Monk ×1 · Battering Ram ×1
Feudal
13:53
Castle
22:57
Imperial
41:34
| APM avg | 12.4 |
| APM peak | 29 |
| eAPM avg | 9.6 |
| Villagers / military | 77 / 97 |
Focus
⚔️ 20.8% · 🌾 79.2%
Throwing Axeman ×37 · Scout Cavalry ×27 · Knight ×26 · Trade Cart ×15 · Mangonel ×5 · Monk ×2
Feudal
12:58
Castle
19:26
Imperial
34:27
| APM avg | 43.1 |
| APM peak | 121 |
| eAPM avg | 21.5 |
| Villagers / military | 99 / 55 |
Focus
⚔️ 24.0% · 🌾 76.0%
Militia ×45 · Battering Ram ×5 · Mangonel ×3 · Monk ×2
Feudal
13:57
Castle
23:54
Imperial
40:07
| APM avg | 17.6 |
| APM peak | 36 |
| eAPM avg | 13.0 |
| Villagers / military | 107 / 187 |
Focus
⚔️ 35.6% · 🌾 64.4%
Militia ×115 · Spearman ×71 · Monk ×1 · Unknown (1105) ×1
Feudal
11:55
Castle
15:50
Imperial
29:51
| APM avg | 28.8 |
| APM peak | 69 |
| eAPM avg | 22.0 |
| Villagers / military | 144 / 140 |
Focus
⚔️ 33.0% · 🌾 67.0%
Scout Cavalry ×74 · War Wagon ×54 · Trebuchet (Packed) ×6 · Battering Ram ×4 · Monk ×1 · Iron Pagoda ×1
Feudal
11:17
Castle
29:50
Imperial
36:56
| APM avg | 9.8 |
| APM peak | 35 |
| eAPM avg | 5.3 |
| Villagers / military | 42 / 20 |
Focus
⚔️ 23.9% · 🌾 76.1%
Spearman ×20 · Trade Cart ×5
Match map
Initial resources + every placement click. Lines = walls · curves = elevation contours. ◆ gold · ⬟ stone · ● berries · ✦ relic · ◌ wall gap
Your base· ✓ Closed at 18:51 · 84t walls · 1 gate(s)
Gordo Cabron's base· ✓ Closed at 16:28 · 22t walls · 2 gate(s)
Duke Of Sudan's base· ✓ Closed at 18:48 · 10t walls · no gate
karamasce's base· ✓ Closed at 22:57 · 23t walls · no gate
Beck's base· ✓ Closed at 19:26 · 22t walls · 1 gate(s)
Geosim's base· ✓ Closed at 23:54 · 56t walls · 3 gate(s)
516903017's base· ✓ Closed at 15:50 · 20t walls · no gate
simirfan's base· ✓ Closed at 29:50 · 19t walls · 2 gate(s)
Smoothed initial terrain · ◌ = detected wall gap · hover for details
Inputs per minute
— M.S. - - Gordo Cabron
Build order — M.S.
First 150 of 621 actions detected
| 0:01 | Create | Villager (Male) |
| 0:01 | Create | Villager (Male) |
| 0:01 | Create | Villager (Male) |
| 0:01 | Create | Villager (Male) |
| 0:01 | Create | Villager (Male) |
| 0:01 | Create | Villager (Male) |
| 0:01 | Create | Villager (Male) |
| 0:01 | Create | Villager (Male) |
| 0:01 | Create | Villager (Male) |
| 0:01 | Create | Villager (Male) |
| 0:01 | Create | Villager (Male) |
| 0:01 | Create | Villager (Male) |
| 0:01 | Create | Villager (Male) |
| 0:01 | Create | Villager (Male) |
| 0:01 | Create | Villager (Male) |
| 0:01 | Create | Villager (Male) |
| 0:01 | Create | Villager (Male) |
| 0:01 | Create | Villager (Male) |
| 0:01 | Create | Villager (Male) |
| 0:01 | Create | Villager (Male) |
| 0:01 | Create | Villager (Male) |
| 0:01 | Create | Villager (Male) |
| 0:01 | Create | Villager (Male) |
| 0:01 | Create | Villager (Male) |
| 0:01 | Create | Villager (Male) |
| 0:01 | Create | Villager (Male) |
| 0:01 | Create | Villager (Male) |
| 0:01 | Create | Villager (Male) |
| 0:01 | Create | Villager (Male) |
| 0:01 | Create | Villager (Male) |
| 0:01 | Create | Villager (Male) |
| 0:01 | Create | Villager (Male) |
| 0:01 | Create | Villager (Male) |
| 0:01 | Create | Villager (Male) |
| 0:02 | Create | Villager (Male) |
| 0:02 | Create | Villager (Male) |
| 0:02 | Create | Villager (Male) |
| 0:02 | Create | Villager (Male) |
| 0:02 | Create | Villager (Male) |
| 0:02 | Create | Villager (Male) |
| 0:02 | Create | Villager (Male) |
| 0:02 | Create | Villager (Male) |
| 0:02 | Create | Villager (Male) |
| 0:02 | Create | Villager (Male) |
| 0:02 | Create | Villager (Male) |
| 0:02 | Create | Villager (Male) |
| 0:02 | Create | Villager (Male) |
| 0:02 | Create | Villager (Male) |
| 0:02 | Create | Villager (Male) |
| 0:02 | Create | Villager (Male) |
| 0:02 | Create | Villager (Male) |
| 0:02 | Create | Villager (Male) |
| 0:02 | Create | Villager (Male) |
| 0:02 | Create | Villager (Male) |
| 0:02 | Create | Villager (Male) |
| 0:02 | Create | Villager (Male) |
| 0:02 | Create | Villager (Male) |
| 0:02 | Create | Villager (Male) |
| 0:04 | Build | House |
| 0:13 | Research | Loom |
| 0:14 | Create | Villager (Male) ×3 |
| 0:14 | Create | Villager (Male) ×3 |
| 1:24 | Build | Palisade Wall |
| 1:28 | Build | Palisade Wall |
| 1:57 | Create | Villager (Male) |
| 1:57 | Create | Villager (Male) |
| 2:15 | Build | House |
| 2:27 | Create | Villager (Male) |
| 2:34 | Build | House |
| 2:36 | Build | House |
| 3:24 | Create | Villager (Male) |
| 3:24 | Create | Villager (Male) |
| 3:24 | Create | Villager (Male) |
| 3:33 | Build | Palisade Wall |
| 3:36 | Build | Palisade Wall |
| 3:50 | Create | Villager (Male) |
| 3:50 | Create | Villager (Male) |
| 3:50 | Create | Villager (Male) |
| 3:50 | Create | Villager (Male) |
| 3:50 | Create | Villager (Male) |
| 3:50 | Create | Villager (Male) |
| 3:50 | Create | Villager (Male) |
| 3:50 | Create | Villager (Male) |
| 3:50 | Create | Villager (Male) |
| 3:50 | Create | Villager (Male) |
| 3:50 | Create | Villager (Male) |
| 3:50 | Create | Villager (Male) |
| 3:50 | Create | Villager (Male) |
| 3:50 | Create | Villager (Male) |
| 3:50 | Create | Villager (Male) |
| 3:50 | Create | Villager (Male) |
| 3:50 | Create | Villager (Male) |
| 3:50 | Create | Villager (Male) |
| 3:50 | Create | Villager (Male) |
| 3:50 | Create | Villager (Male) |
| 3:50 | Create | Villager (Male) |
| 3:50 | Create | Villager (Male) |
| 3:50 | Create | Villager (Male) |
| 3:50 | Create | Villager (Male) |
| 3:50 | Create | Villager (Male) |
| 3:50 | Create | Villager (Male) |
| 3:50 | Create | Villager (Male) |
| 3:50 | Create | Villager (Male) |
| 3:50 | Create | Villager (Male) |
| 3:50 | Create | Villager (Male) |
| 3:50 | Create | Villager (Male) |
| 3:50 | Create | Villager (Male) |
| 3:50 | Create | Villager (Male) |
| 3:50 | Create | Villager (Male) |
| 3:50 | Create | Villager (Male) |
| 3:50 | Create | Villager (Male) |
| 3:50 | Create | Villager (Male) |
| 3:50 | Create | Villager (Male) |
| 3:50 | Create | Villager (Male) |
| 3:50 | Create | Villager (Male) |
| 3:50 | Create | Villager (Male) |
| 3:50 | Create | Villager (Male) |
| 3:50 | Create | Villager (Male) |
| 3:50 | Create | Villager (Male) |
| 3:50 | Create | Villager (Male) |
| 3:50 | Create | Villager (Male) |
| 3:50 | Create | Villager (Male) |
| 3:50 | Create | Villager (Male) |
| 3:50 | Create | Villager (Male) |
| 3:50 | Create | Villager (Male) |
| 3:50 | Create | Villager (Male) |
| 3:51 | Create | Villager (Male) |
| 3:51 | Create | Villager (Male) |
| 3:51 | Create | Villager (Male) |
| 3:51 | Create | Villager (Male) |
| 3:51 | Create | Villager (Male) |
| 4:11 | Build | Palisade Wall |
| 4:28 | Create | Villager (Male) |
| 4:28 | Create | Villager (Male) |
| 5:06 | Create | Villager (Male) |
| 5:06 | Create | Villager (Male) |
| 5:07 | Create | Villager (Male) |
| 5:07 | Create | Villager (Male) |
| 5:46 | Build | Mill |
| 5:54 | Create | Villager (Male) |
| 5:54 | Create | Villager (Male) |
| 5:54 | Create | Villager (Male) |
| 6:15 | Build | House |
| 6:19 | Create | Villager (Male) |
| 6:19 | Create | Villager (Male) |
| 6:27 | Create | Villager (Male) |
| 6:28 | Create | Villager (Male) |
| 7:26 | Create | Villager (Male) |
| 7:26 | Create | Villager (Male) |
| 7:27 | Create | Villager (Male) |
Build order — Gordo Cabron
First 150 of 407 actions detected
| 0:01 | Create | Villager (Male) |
| 0:01 | Create | Villager (Male) |
| 0:02 | Create | Villager (Male) |
| 0:02 | Create | Villager (Male) |
| 0:04 | Build | House |
| 0:09 | Build | House |
| 1:23 | Create | Villager (Male) |
| 1:23 | Create | Villager (Male) |
| 1:49 | Build | Lumber Camp |
| 2:03 | Create | Villager (Male) |
| 2:04 | Create | Villager (Male) |
| 2:18 | Create | Villager (Male) |
| 2:19 | Create | Villager (Male) |
| 2:35 | Build | House |
| 2:36 | Build | House |
| 2:53 | Create | Villager (Male) |
| 2:54 | Create | Villager (Male) |
| 3:39 | Create | Villager (Male) |
| 3:40 | Create | Villager (Male) |
| 3:53 | Create | Villager (Male) |
| 4:24 | Create | Villager (Male) |
| 4:24 | Create | Villager (Male) |
| 4:45 | Create | Villager (Male) |
| 4:45 | Create | Villager (Male) |
| 5:11 | Create | Villager (Male) |
| 5:11 | Create | Villager (Male) |
| 5:39 | Create | Villager (Male) |
| 5:39 | Create | Villager (Male) |
| 5:50 | Create | Villager (Male) |
| 5:50 | Create | Villager (Male) |
| 6:06 | Create | Villager (Male) |
| 6:06 | Create | Villager (Male) |
| 7:17 | Create | Villager (Male) |
| 7:53 | Create | Villager (Male) |
| 7:58 | Build | Mill |
| 8:03 | Create | Villager (Male) |
| 8:27 | Build | Palisade Gate |
| 8:29 | Build | Palisade Wall |
| 8:30 | Create | Villager (Male) |
| 8:59 | Research | Loom |
| 9:15 | Create | Villager (Male) |
| 9:24 | Research | Feudal Age |
| 9:31 | Build | Mining Camp |
| 9:44 | Build | Mill |
| 10:03 | Create | Villager (Male) |
| 10:03 | Create | Villager (Male) |
| 10:15 | Build | House |
| 10:18 | Build | House |
| 11:21 | Build | House |
| 11:23 | Build | House |
| 12:04 | Age | Feudal Age |
| 12:08 | Build | Market |
| 12:14 | Build | Blacksmith |
| 12:37 | Build | Farm |
| 12:42 | Create | Villager (Male) |
| 13:06 | Create | Villager (Male) |
| 13:22 | Build | Stone Wall |
| 13:31 | Build | Gate |
| 13:48 | Research | Castle Age |
| 13:49 | Research | Castle Age |
| 13:49 | Create | Villager (Male) |
| 13:54 | Build | Farm |
| 14:05 | Build | Mining Camp |
| 14:20 | Create | Villager (Male) |
| 14:20 | Create | Villager (Male) |
| 14:26 | Build | Farm |
| 14:35 | Research | Double-Bit Axe |
| 15:32 | Create | Villager (Male) |
| 15:32 | Create | Villager (Male) |
| 15:48 | Research | Stone Mining |
| 16:28 | Age | Castle Age |
| 16:34 | Build | Town Center |
| 16:53 | Create | Villager (Male) |
| 16:53 | Create | Villager (Male) |
| 17:00 | Create | Villager (Male) |
| 17:12 | Build | Town Center |
| 17:39 | Build | Farm |
| 17:50 | Research | Town Watch |
| 17:52 | Create | Villager (Male) |
| 17:52 | Create | Villager (Male) |
| 18:28 | Build | Farm |
| 18:28 | Build | Farm |
| 18:31 | Create | Villager (Male) |
| 18:32 | Create | Villager (Male) |
| 18:32 | Create | Villager (Male) |
| 18:55 | Build | Mining Camp |
| 19:00 | Create | Villager (Male) |
| 19:01 | Create | Villager (Male) |
| 19:01 | Create | Villager (Male) |
| 19:37 | Build | Castle |
| 19:39 | Create | Villager (Male) |
| 19:39 | Create | Villager (Male) |
| 19:40 | Create | Villager (Male) |
| 19:46 | Build | Monastery |
| 19:49 | Create | Villager (Male) |
| 19:49 | Create | Villager (Male) |
| 20:11 | Create | Villager (Male) |
| 20:11 | Create | Villager (Male) |
| 20:12 | Create | Villager (Male) |
| 20:22 | Build | Farm |
| 20:24 | Create | Monk |
| 20:32 | Create | Villager (Male) |
| 20:32 | Create | Villager (Male) |
| 20:32 | Create | Villager (Male) |
| 20:32 | Create | Villager (Male) |
| 20:33 | Create | Villager (Male) |
| 20:41 | Build | Farm |
| 20:42 | Build | Farm |
| 20:42 | Build | Farm |
| 20:42 | Build | Farm |
| 20:59 | Create | Villager (Male) |
| 20:59 | Create | Villager (Male) |
| 21:00 | Create | Villager (Male) |
| 21:06 | Build | Farm |
| 21:10 | Create | Villager (Male) |
| 21:11 | Create | Villager (Male) |
| 21:11 | Create | Villager (Male) |
| 21:16 | Build | Farm |
| 21:30 | Build | Mining Camp |
| 21:40 | Create | Villager (Male) |
| 21:40 | Create | Villager (Male) |
| 21:50 | Create | Villager (Male) |
| 21:50 | Create | Villager (Male) |
| 21:58 | Build | Farm |
| 21:58 | Build | Farm |
| 21:58 | Build | Farm |
| 21:59 | Build | Farm |
| 21:59 | Build | Farm |
| 21:59 | Build | Farm |
| 22:00 | Create | Villager (Male) |
| 22:00 | Create | Villager (Male) |
| 22:12 | Create | Villager (Male) |
| 22:13 | Create | Villager (Male) |
| 22:31 | Build | Barracks |
| 22:44 | Research | Gold Mining |
| 22:44 | Research | Gold Mining |
| 22:45 | Research | Gold Mining |
| 22:45 | Create | Villager (Male) |
| 22:46 | Create | Villager (Male) |
| 23:04 | Create | Villager (Male) |
| 23:04 | Create | Villager (Male) |
| 23:05 | Create | Villager (Male) |
| 23:09 | Create | Villager (Male) |
| 23:09 | Create | Villager (Male) |
| 23:09 | Create | Villager (Male) |
| 23:10 | Create | Villager (Male) |
| 23:10 | Create | Villager (Male) |
| 23:10 | Create | Villager (Male) |
| 23:10 | Create | Villager (Male) |
| 23:10 | Create | Villager (Male) |
Build order — Duke Of Sudan
First 150 of 260 actions detected
| 0:01 | Create | Villager (Male) |
| 0:01 | Create | Villager (Male) |
| 0:03 | Build | House |
| 0:05 | Build | House |
| 0:06 | Build | House |
| 0:35 | Create | Villager (Male) |
| 0:36 | Create | Villager (Male) |
| 0:39 | Research | Loom |
| 0:39 | Create | Villager (Male) |
| 0:59 | Create | Villager (Male) |
| 1:49 | Build | Palisade Wall |
| 2:31 | Create | Villager (Male) |
| 2:31 | Create | Villager (Male) |
| 3:11 | Create | Villager (Male) |
| 3:11 | Create | Villager (Male) |
| 3:37 | Create | Villager (Male) |
| 3:38 | Create | Villager (Male) |
| 4:13 | Create | Villager (Male) |
| 4:23 | Create | Villager (Male) |
| 4:24 | Create | Villager (Male) |
| 4:41 | Build | Lumber Camp |
| 4:43 | Create | Villager (Male) |
| 5:30 | Create | Villager (Male) |
| 5:54 | Create | Villager (Male) |
| 5:54 | Create | Villager (Male) |
| 6:10 | Build | House |
| 6:43 | Create | Villager (Male) |
| 7:16 | Build | Mining Camp |
| 7:17 | Create | Villager (Male) |
| 7:42 | Create | Villager (Male) |
| 8:13 | Create | Villager (Male) |
| 8:27 | Build | Mill |
| 8:52 | Build | Mill |
| 9:06 | Create | Villager (Male) |
| 9:14 | Create | Villager (Male) |
| 9:50 | Build | House |
| 10:07 | Research | Feudal Age |
| 11:24 | Build | Mill |
| 12:01 | Build | House |
| 12:17 | Age | Feudal Age |
| 12:24 | Research | Horse Collar |
| 12:35 | Create | Villager (Male) |
| 12:36 | Research | Double-Bit Axe |
| 12:40 | Create | Villager (Male) |
| 13:14 | Build | Blacksmith |
| 13:19 | Build | Market |
| 13:23 | Create | Villager (Male) |
| 13:24 | Create | Villager (Male) |
| 14:11 | Create | Villager (Male) |
| 14:46 | Build | Farm |
| 14:51 | Build | Farm |
| 14:53 | Build | Farm |
| 14:59 | Create | Villager (Male) |
| 15:38 | Create | Villager (Male) |
| 15:40 | Build | Farm |
| 16:01 | Build | Farm |
| 16:02 | Build | Farm |
| 16:03 | Build | Farm |
| 16:05 | Build | Farm |
| 16:08 | Research | Castle Age |
| 16:10 | Build | Farm |
| 16:26 | Build | Mining Camp |
| 16:56 | Build | House |
| 17:20 | Create | Villager (Male) |
| 17:46 | Build | House |
| 18:17 | Build | House |
| 18:48 | Age | Castle Age |
| 18:56 | Build | Town Center |
| 19:12 | Build | Town Center |
| 19:13 | Create | Villager (Male) |
| 19:13 | Create | Villager (Male) |
| 19:14 | Create | Villager (Male) |
| 19:25 | Research | Stone Mining |
| 19:39 | Build | Outpost |
| 19:53 | Build | Monastery |
| 20:20 | Research | Fletching |
| 20:35 | Research | Bow Saw |
| 20:38 | Create | Monk |
| 20:46 | Create | Villager (Male) |
| 20:46 | Create | Villager (Male) |
| 20:46 | Create | Villager (Male) |
| 20:47 | Create | Villager (Male) |
| 20:58 | Create | Villager (Male) |
| 20:58 | Create | Villager (Male) |
| 20:58 | Create | Villager (Male) |
| 21:02 | Create | Villager (Male) |
| 21:02 | Create | Villager (Male) |
| 21:02 | Create | Villager (Male) |
| 21:02 | Create | Villager (Male) |
| 21:06 | Build | Farm |
| 21:07 | Build | Farm |
| 21:41 | Build | Farm |
| 22:10 | Build | Castle |
| 22:16 | Research | Gold Mining |
| 22:22 | Build | Farm |
| 22:23 | Build | Farm |
| 22:25 | Build | Farm |
| 22:26 | Create | Villager (Male) |
| 22:27 | Create | Villager (Male) |
| 22:29 | Create | Villager (Male) |
| 22:29 | Create | Villager (Male) |
| 22:31 | Build | Farm |
| 22:33 | Build | Farm |
| 23:03 | Create | Villager (Male) |
| 23:03 | Create | Villager (Male) |
| 23:07 | Create | Villager (Male) |
| 23:07 | Create | Villager (Male) |
| 23:22 | Build | Siege Workshop |
| 23:46 | Create | Villager (Male) |
| 23:47 | Create | Villager (Male) |
| 23:48 | Create | Villager (Male) |
| 24:28 | Create | Cataphract |
| 24:28 | Create | Cataphract |
| 24:33 | Research | Forging |
| 24:33 | Research | Scale Barding Armor |
| 24:44 | Build | Farm |
| 24:48 | Build | Farm |
| 24:49 | Build | Farm |
| 24:51 | Build | Farm |
| 24:57 | Research | Scale Barding Armor |
| 25:00 | Create | Cataphract |
| 25:08 | Create | Battering Ram |
| 25:59 | Research | Imperial Age |
| 26:10 | Create | Cataphract |
| 26:10 | Create | Cataphract |
| 27:24 | Create | Cataphract |
| 27:24 | Create | Cataphract |
| 27:27 | Create | Petard |
| 27:27 | Create | Petard |
| 27:32 | Create | Petard |
| 27:33 | Create | Cataphract |
| 27:33 | Create | Cataphract |
| 27:42 | Build | Mining Camp |
| 28:41 | Create | Villager (Male) |
| 28:42 | Create | Villager (Male) |
| 28:42 | Create | Villager (Male) |
| 28:42 | Create | Villager (Male) |
| 28:42 | Create | Villager (Male) |
| 28:42 | Create | Villager (Male) |
| 28:45 | Create | Villager (Male) |
| 28:45 | Create | Villager (Male) |
| 28:45 | Create | Villager (Male) |
| 28:47 | Build | Lumber Camp |
| 29:09 | Age | Imperial Age |
| 29:22 | Create | Trebuchet (Packed) |
| 29:23 | Create | Cataphract |
| 29:24 | Create | Cataphract |
| 29:53 | Build | Farm |
| 29:54 | Build | Farm |
| 29:55 | Build | Farm |
Build order — karamasce
First 150 of 229 actions detected
| 0:03 | Build | House |
| 0:04 | Build | House |
| 0:06 | Create | Villager (Male) |
| 0:06 | Create | Villager (Male) |
| 0:07 | Create | Villager (Male) |
| 0:07 | Create | Villager (Male) |
| 0:07 | Create | Villager (Male) |
| 0:09 | Research | Loom |
| 2:10 | Create | Villager (Male) |
| 2:10 | Create | Villager (Male) |
| 2:52 | Build | Palisade Wall |
| 3:13 | Create | Villager (Male) |
| 3:45 | Build | Palisade Wall |
| 4:19 | Create | Villager (Male) |
| 4:19 | Create | Villager (Male) |
| 4:20 | Create | Villager (Male) |
| 4:45 | Build | House |
| 4:46 | Build | House |
| 4:47 | Build | House |
| 4:52 | Build | House |
| 5:03 | Create | Villager (Male) |
| 5:04 | Create | Villager (Male) |
| 5:48 | Create | Villager (Male) |
| 5:51 | Create | Villager (Male) |
| 6:17 | Create | Villager (Male) |
| 6:43 | Create | Villager (Male) |
| 7:35 | Create | Villager (Male) |
| 8:17 | Build | Mill |
| 8:30 | Build | Lumber Camp |
| 8:34 | Create | Villager (Male) |
| 8:34 | Create | Villager (Male) |
| 8:35 | Create | Villager (Male) |
| 9:07 | Create | Villager (Male) |
| 9:47 | Create | Villager (Male) |
| 10:18 | Create | Villager (Male) |
| 10:41 | Build | Mining Camp |
| 10:53 | Create | Villager (Male) |
| 10:55 | Create | Villager (Male) |
| 11:23 | Research | Feudal Age |
| 12:04 | Build | Mill |
| 12:33 | Create | Villager (Male) |
| 13:42 | Create | Villager (Male) |
| 13:43 | Create | Villager (Male) |
| 13:53 | Age | Feudal Age |
| 14:14 | Build | Market |
| 14:26 | Create | Villager (Male) |
| 14:51 | Build | Mining Camp |
| 14:55 | Create | Villager (Male) |
| 16:00 | Build | Mining Camp |
| 16:27 | Create | Villager (Male) |
| 16:27 | Create | Villager (Male) |
| 16:28 | Create | Villager (Male) |
| 16:33 | Research | Double-Bit Axe |
| 16:53 | Create | Trade Cart |
| 16:53 | Create | Trade Cart |
| 17:05 | Build | House |
| 17:06 | Build | House |
| 17:07 | Build | House |
| 17:08 | Build | House |
| 17:09 | Build | House |
| 17:10 | Build | House |
| 17:11 | Build | House |
| 17:13 | Build | House |
| 17:16 | Create | Villager (Male) |
| 17:28 | Create | Trade Cart |
| 17:32 | Create | Villager (Male) |
| 17:49 | Build | Farm |
| 18:47 | Create | Trade Cart |
| 18:48 | Create | Trade Cart |
| 18:55 | Build | Farm |
| 18:55 | Build | Farm |
| 19:23 | Build | Blacksmith |
| 19:33 | Create | Villager (Male) |
| 19:55 | Create | Trade Cart |
| 19:55 | Create | Trade Cart |
| 19:56 | Create | Trade Cart |
| 20:17 | Research | Castle Age |
| 21:16 | Build | Stone Wall |
| 21:30 | Build | Mining Camp |
| 22:25 | Build | Lumber Camp |
| 22:29 | Create | Villager (Male) |
| 22:30 | Create | Villager (Male) |
| 22:30 | Create | Villager (Male) |
| 22:46 | Create | Trade Cart |
| 22:47 | Create | Trade Cart |
| 22:48 | Create | Trade Cart |
| 22:49 | Create | Trade Cart |
| 22:57 | Age | Castle Age |
| 23:23 | Build | Town Center |
| 23:29 | Build | Farm |
| 23:55 | Build | Castle |
| 24:03 | Build | Farm |
| 24:06 | Create | Villager (Male) |
| 24:06 | Create | Villager (Male) |
| 24:16 | Build | Farm |
| 24:24 | Create | Villager (Male) |
| 24:24 | Create | Villager (Male) |
| 24:25 | Create | Villager (Male) |
| 24:25 | Create | Villager (Male) |
| 24:40 | Build | Farm |
| 24:40 | Build | Farm |
| 24:40 | Build | Farm |
| 24:40 | Build | Farm |
| 24:41 | Build | Farm |
| 24:44 | Build | Farm |
| 24:54 | Create | Villager (Male) |
| 24:54 | Create | Villager (Male) |
| 25:23 | Build | Monastery |
| 25:32 | Create | Villager (Male) |
| 25:33 | Create | Villager (Male) |
| 25:33 | Create | Villager (Male) |
| 25:51 | Build | Mining Camp |
| 25:57 | Build | Mining Camp |
| 26:02 | Research | Bearded Axe |
| 26:10 | Create | Villager (Male) |
| 26:23 | Create | Villager (Male) |
| 26:26 | Build | Farm |
| 26:35 | Build | Farm |
| 26:35 | Build | Farm |
| 26:54 | Build | Town Center |
| 27:00 | Research | Stone Mining |
| 27:08 | Build | Farm |
| 27:15 | Create | Villager (Male) |
| 27:24 | Create | Monk |
| 27:26 | Create | Monk |
| 27:32 | Build | Farm |
| 27:45 | Build | Farm |
| 28:03 | Create | Villager (Male) |
| 28:03 | Create | Villager (Male) |
| 28:10 | Build | Farm |
| 28:16 | Create | Trade Cart |
| 28:17 | Create | Trade Cart |
| 29:04 | Build | Farm |
| 29:04 | Build | Farm |
| 29:07 | Create | Villager (Male) |
| 29:07 | Create | Villager (Male) |
| 29:09 | Create | Villager (Male) |
| 29:10 | Create | Villager (Male) |
| 29:10 | Create | Villager (Male) |
| 29:15 | Create | Villager (Male) |
| 29:15 | Create | Villager (Male) |
| 29:16 | Create | Villager (Male) |
| 29:56 | Build | Castle |
| 30:14 | Build | Farm |
| 30:14 | Build | Farm |
| 30:25 | Build | Barracks |
| 30:38 | Create | Villager (Male) |
| 30:39 | Create | Villager (Male) |
| 30:44 | Research | Gold Mining |
| 30:48 | Build | Farm |
Build order — Beck
First 150 of 297 actions detected
| 0:02 | Research | Loom |
| 0:03 | Create | Villager (Male) |
| 0:03 | Create | Villager (Male) |
| 0:03 | Create | Villager (Male) |
| 0:03 | Create | Villager (Male) |
| 0:35 | Build | House |
| 1:26 | Build | Palisade Gate |
| 1:31 | Build | Palisade Wall |
| 2:10 | Create | Villager (Male) |
| 2:10 | Create | Villager (Male) |
| 2:24 | Build | House |
| 2:31 | Build | Palisade Wall |
| 3:11 | Create | Villager (Male) |
| 3:34 | Build | House |
| 3:38 | Build | Palisade Wall |
| 3:43 | Create | Villager (Male) |
| 3:44 | Create | Villager (Male) |
| 4:11 | Create | Villager (Male) |
| 4:11 | Create | Villager (Male) |
| 4:38 | Create | Villager (Male) |
| 4:38 | Create | Villager (Male) |
| 5:08 | Create | Villager (Male) |
| 5:26 | Build | Lumber Camp |
| 6:00 | Create | Villager (Male) |
| 6:00 | Create | Villager (Male) |
| 6:00 | Create | Villager (Male) |
| 6:00 | Create | Villager (Male) |
| 6:46 | Create | Villager (Male) |
| 6:46 | Create | Villager (Male) |
| 7:03 | Build | Mill |
| 7:15 | Create | Villager (Male) |
| 7:44 | Create | Villager (Male) |
| 8:06 | Build | House |
| 9:01 | Create | Villager (Male) |
| 9:24 | Create | Villager (Male) |
| 9:24 | Create | Villager (Male) |
| 9:54 | Create | Villager (Male) |
| 10:13 | Create | Villager (Male) |
| 10:45 | Build | Barracks |
| 10:48 | Research | Feudal Age |
| 10:54 | Build | Mining Camp |
| 11:29 | Build | House |
| 11:35 | Build | Palisade Wall |
| 11:55 | Create | Militia |
| 11:55 | Create | Militia |
| 11:56 | Create | Militia |
| 12:00 | Create | Militia |
| 12:00 | Create | Militia |
| 12:43 | Create | Villager (Male) |
| 12:58 | Age | Feudal Age |
| 13:05 | Build | Blacksmith |
| 13:17 | Build | Watch Tower |
| 13:19 | Research | Man-at-Arms (upgrade) |
| 13:27 | Create | Villager (Male) |
| 13:36 | Build | House |
| 13:39 | Build | House |
| 14:03 | Create | Militia |
| 14:35 | Create | Villager (Male) |
| 15:07 | Build | House |
| 15:13 | Create | Villager (Male) |
| 15:26 | Create | Villager (Male) |
| 15:29 | Create | Villager (Male) |
| 15:42 | Build | Stone Wall |
| 15:55 | Build | Market |
| 16:12 | Build | Farm |
| 16:17 | Build | Farm |
| 16:23 | Build | Farm |
| 16:26 | Build | Farm |
| 16:28 | Build | Farm |
| 16:46 | Research | Castle Age |
| 16:47 | Research | Castle Age |
| 17:03 | Build | Mining Camp |
| 17:13 | Research | Horse Collar |
| 17:13 | Research | Horse Collar |
| 17:42 | Create | Militia |
| 17:43 | Create | Militia |
| 18:01 | Build | Farm |
| 18:04 | Research | Scale Mail Armor |
| 18:09 | Build | Farm |
| 18:16 | Build | House |
| 18:17 | Build | House |
| 18:17 | Build | House |
| 18:18 | Build | House |
| 18:19 | Build | House |
| 18:19 | Build | House |
| 18:19 | Build | House |
| 18:19 | Build | House |
| 18:43 | Create | Villager (Male) |
| 19:18 | Create | Militia |
| 19:26 | Age | Castle Age |
| 19:28 | Build | Siege Workshop |
| 19:32 | Create | Villager (Male) |
| 19:41 | Research | Wheelbarrow |
| 19:52 | Build | Town Center |
| 20:15 | Create | Battering Ram |
| 20:19 | Create | Villager (Male) |
| 20:30 | Create | Militia |
| 20:31 | Create | Militia |
| 20:52 | Create | Villager (Male) |
| 21:02 | Build | Farm |
| 21:02 | Build | Farm |
| 21:02 | Build | Farm |
| 21:03 | Build | Farm |
| 21:29 | Create | Villager (Male) |
| 21:30 | Create | Villager (Male) |
| 21:37 | Create | Battering Ram |
| 22:11 | Create | Villager (Male) |
| 22:11 | Create | Villager (Male) |
| 22:28 | Create | Villager (Male) |
| 22:28 | Create | Villager (Male) |
| 22:47 | Create | Villager (Male) |
| 22:48 | Create | Villager (Male) |
| 22:56 | Build | Stone Wall |
| 22:59 | Build | Stone Wall |
| 23:01 | Build | Gate |
| 23:05 | Build | Stone Wall |
| 23:06 | Create | Villager (Male) |
| 23:10 | Build | Farm |
| 23:11 | Build | Farm |
| 23:24 | Research | Long Swordsman (upgrade) |
| 23:32 | Build | Farm |
| 23:32 | Build | Farm |
| 23:32 | Build | Farm |
| 23:32 | Build | Farm |
| 23:48 | Create | Villager (Male) |
| 23:48 | Create | Villager (Male) |
| 24:28 | Research | Forging |
| 24:30 | Create | Villager (Male) |
| 24:31 | Create | Villager (Male) |
| 24:35 | Build | Farm |
| 24:35 | Build | Farm |
| 24:35 | Build | Farm |
| 24:35 | Build | Farm |
| 24:40 | Build | Farm |
| 24:44 | Create | Villager (Male) |
| 24:46 | Create | Villager (Male) |
| 24:59 | Create | Mangonel |
| 25:20 | Create | Militia |
| 25:26 | Build | Monastery |
| 25:37 | Create | Villager (Male) |
| 25:37 | Create | Villager (Male) |
| 25:43 | Create | Villager (Male) |
| 25:43 | Create | Villager (Male) |
| 25:58 | Create | Mangonel |
| 25:58 | Create | Villager (Male) |
| 25:59 | Create | Villager (Male) |
| 26:14 | Create | Monk |
| 26:24 | Build | House |
| 26:25 | Build | House |
| 26:25 | Build | House |
Build order — Geosim
First 150 of 279 actions detected
| 0:01 | Research | Loom |
| 0:02 | Create | Villager (Male) ×4 |
| 0:04 | Build | House |
| 0:06 | Build | House |
| 0:48 | Build | Palisade Wall |
| 1:15 | Build | Palisade Wall |
| 1:42 | Build | Palisade Wall |
| 1:52 | Create | Villager (Male) |
| 2:24 | Create | Villager (Male) |
| 2:24 | Create | Villager (Male) |
| 2:54 | Build | Palisade Wall |
| 3:02 | Build | House |
| 3:08 | Create | Villager (Male) |
| 3:41 | Create | Villager (Male) |
| 3:48 | Build | Palisade Wall |
| 3:56 | Build | House |
| 4:04 | Create | Villager (Male) |
| 4:04 | Create | Villager (Male) |
| 4:33 | Create | Villager (Male) |
| 4:33 | Create | Villager (Male) |
| 4:49 | Build | Lumber Camp |
| 4:57 | Create | Villager (Male) |
| 5:31 | Create | Villager (Male) |
| 5:31 | Create | Villager (Male) |
| 6:10 | Create | Villager (Male) |
| 6:17 | Build | House |
| 6:41 | Create | Villager (Male) |
| 6:58 | Create | Villager (Male) |
| 7:20 | Build | Mill |
| 7:30 | Create | Villager (Male) |
| 7:30 | Create | Villager (Male) |
| 7:33 | Create | Villager (Male) |
| 8:23 | Create | Villager (Male) |
| 8:50 | Create | Villager (Male) |
| 8:50 | Create | Villager (Male) |
| 8:51 | Create | Villager (Male) |
| 8:51 | Create | Villager (Male) |
| 9:58 | Build | Mining Camp |
| 10:32 | Create | Villager (Male) |
| 10:33 | Create | Villager (Male) |
| 10:54 | Build | Barracks |
| 11:21 | Create | Villager (Male) |
| 11:30 | Build | House |
| 11:44 | Research | Feudal Age |
| 11:44 | Research | Feudal Age |
| 12:13 | Build | House |
| 12:15 | Build | House |
| 12:43 | Create | Militia ×3 |
| 13:28 | Build | Barracks |
| 13:33 | Create | Militia |
| 13:53 | Create | Villager (Male) |
| 13:53 | Create | Villager (Male) |
| 13:57 | Age | Feudal Age |
| 14:00 | Research | Man-at-Arms (upgrade) |
| 14:02 | Research | Gold Mining |
| 14:19 | Build | Blacksmith |
| 14:31 | Build | Palisade Gate |
| 14:33 | Build | House |
| 14:37 | Create | Villager (Male) |
| 14:51 | Create | Villager (Male) |
| 15:27 | Create | Villager (Male) |
| 15:37 | Build | Mill |
| 15:40 | Build | Farm |
| 15:41 | Build | Farm |
| 15:42 | Build | Farm |
| 15:43 | Build | Farm |
| 15:43 | Build | Farm |
| 15:44 | Create | Villager (Male) |
| 15:53 | Build | Barracks |
| 15:55 | Build | House |
| 16:02 | Build | Palisade Gate |
| 16:04 | Build | House |
| 16:15 | Create | Villager (Male) |
| 16:19 | Research | Forging |
| 16:19 | Research | Scale Mail Armor |
| 16:41 | Research | Horse Collar |
| 17:01 | Create | Villager (Male) |
| 17:02 | Create | Villager (Male) |
| 17:33 | Create | Villager (Male) |
| 17:37 | Build | Farm |
| 17:37 | Build | Farm |
| 17:49 | Build | Market |
| 17:57 | Create | Villager (Male) |
| 18:11 | Build | Barracks |
| 18:22 | Build | Farm |
| 18:31 | Create | Villager (Male) |
| 19:04 | Build | Farm |
| 19:06 | Create | Villager (Male) |
| 19:15 | Build | Farm |
| 19:17 | Create | Villager (Male) |
| 19:24 | Build | Farm |
| 19:25 | Build | Farm |
| 19:26 | Build | Farm |
| 19:26 | Build | Farm |
| 19:33 | Build | House |
| 19:35 | Build | House |
| 19:44 | Build | Farm |
| 19:59 | Research | Wheelbarrow |
| 20:21 | Build | Farm |
| 20:55 | Build | Farm |
| 21:00 | Build | House |
| 21:12 | Research | Castle Age |
| 21:22 | Build | Palisade Gate |
| 21:30 | Create | Militia ×2 |
| 21:31 | Create | Militia ×2 |
| 21:47 | Create | Militia ×3 |
| 21:47 | Create | Militia ×3 |
| 21:49 | Create | Militia |
| 21:49 | Create | Militia |
| 21:49 | Create | Militia |
| 21:51 | Create | Militia |
| 21:51 | Create | Militia |
| 22:15 | Create | Militia |
| 22:15 | Create | Militia |
| 22:33 | Create | Militia ×4 |
| 22:33 | Create | Militia ×4 |
| 22:36 | Create | Militia |
| 22:36 | Create | Militia ×2 |
| 22:36 | Create | Militia |
| 22:44 | Build | House |
| 22:48 | Build | House |
| 22:49 | Build | House |
| 22:51 | Create | Militia ×2 |
| 22:51 | Create | Militia ×2 |
| 22:52 | Create | Militia |
| 22:52 | Create | Militia |
| 22:56 | Create | Militia |
| 22:56 | Create | Militia |
| 22:58 | Create | Militia |
| 22:59 | Create | Militia |
| 23:17 | Create | Militia ×2 |
| 23:17 | Create | Militia ×2 |
| 23:38 | Create | Militia ×4 |
| 23:39 | Create | Militia ×4 |
| 23:54 | Age | Castle Age |
| 23:55 | Research | Long Swordsman (upgrade) |
| 23:55 | Research | Squires |
| 24:01 | Build | Town Center |
| 24:29 | Research | Chain Mail Armor |
| 24:29 | Research | Iron Casting |
| 24:33 | Build | Farm |
| 24:34 | Build | Farm |
| 24:35 | Build | Farm |
| 24:35 | Build | Farm |
| 24:46 | Research | Iron Casting |
| 24:58 | Create | Militia ×2 |
| 24:59 | Create | Militia ×2 |
| 24:59 | Create | Militia |
| 25:00 | Create | Militia |
| 25:26 | Create | Spearman ×5 |
Build order — 516903017
First 150 of 441 actions detected
| 0:02 | Create | Villager (Male) |
| 0:03 | Create | Villager (Male) |
| 0:04 | Build | House |
| 0:06 | Build | House |
| 0:33 | Create | Villager (Male) |
| 0:50 | Create | Villager (Male) |
| 0:50 | Create | Villager (Male) |
| 1:40 | Create | Villager (Male) |
| 1:46 | Build | Lumber Camp |
| 2:08 | Create | Villager (Male) |
| 2:09 | Create | Villager (Male) |
| 2:29 | Research | Loom |
| 2:30 | Create | Villager (Male) |
| 3:09 | Create | Villager (Male) |
| 3:09 | Create | Villager (Male) |
| 3:42 | Create | Villager (Male) |
| 3:43 | Create | Villager (Male) |
| 3:54 | Build | Palisade Wall |
| 3:55 | Create | Villager (Male) |
| 3:55 | Create | Villager (Male) |
| 4:03 | Create | Villager (Male) |
| 4:21 | Build | House |
| 4:22 | Build | House |
| 4:39 | Build | Palisade Wall |
| 4:50 | Create | Villager (Male) |
| 5:22 | Build | Palisade Wall |
| 5:43 | Create | Villager (Male) |
| 5:43 | Create | Villager (Male) |
| 5:56 | Build | Lumber Camp |
| 6:13 | Create | Villager (Male) |
| 6:14 | Create | Villager (Male) |
| 6:45 | Build | Mill |
| 7:08 | Create | Villager (Male) |
| 7:22 | Create | Villager (Male) |
| 7:22 | Create | Villager (Male) |
| 7:36 | Create | Villager (Male) |
| 7:48 | Create | Villager (Male) |
| 8:42 | Create | Villager (Male) |
| 8:54 | Build | Mining Camp |
| 9:26 | Create | Villager (Male) |
| 9:45 | Research | Feudal Age |
| 9:46 | Research | Feudal Age |
| 10:12 | Create | Villager (Male) |
| 10:12 | Create | Villager (Male) |
| 10:17 | Build | House |
| 11:10 | Create | Villager (Male) |
| 11:55 | Age | Feudal Age |
| 12:01 | Build | Market |
| 12:04 | Build | Blacksmith |
| 13:10 | Research | Castle Age |
| 14:13 | Create | Villager (Male) |
| 14:20 | Research | Double-Bit Axe |
| 14:35 | Research | Horse Collar |
| 15:46 | Build | Farm |
| 15:47 | Build | Farm |
| 15:47 | Build | Farm |
| 15:48 | Build | Farm |
| 15:48 | Build | Farm |
| 15:49 | Build | Farm |
| 15:50 | Age | Castle Age |
| 15:51 | Create | Villager (Male) |
| 15:53 | Research | Bow Saw |
| 16:03 | Build | Town Center |
| 16:05 | Create | Villager (Male) |
| 16:13 | Build | Town Center |
| 16:21 | Create | Villager (Male) |
| 16:43 | Create | Villager (Male) |
| 16:44 | Create | Villager (Male) |
| 17:00 | Build | Farm |
| 17:15 | Build | Farm |
| 17:16 | Create | Villager (Male) |
| 17:31 | Build | Farm |
| 17:32 | Create | Villager (Male) |
| 17:40 | Build | Farm |
| 17:44 | Build | Farm |
| 17:46 | Create | Villager (Male) |
| 17:46 | Create | Villager (Male) |
| 17:47 | Create | Villager (Male) |
| 18:00 | Create | Villager (Male) |
| 18:03 | Build | Farm |
| 18:07 | Build | Farm |
| 18:20 | Create | Villager (Male) |
| 18:29 | Build | Farm |
| 18:33 | Create | Villager (Male) |
| 18:38 | Build | Farm |
| 18:43 | Create | Villager (Male) |
| 18:45 | Build | Farm |
| 18:50 | Create | Villager (Male) |
| 18:55 | Create | Villager (Male) |
| 19:00 | Build | Farm |
| 19:08 | Build | Farm |
| 19:12 | Build | Farm |
| 19:19 | Build | Farm |
| 19:21 | Build | Farm |
| 19:22 | Create | Villager (Male) |
| 19:29 | Create | Villager (Male) |
| 19:30 | Create | Villager (Male) |
| 19:36 | Build | House |
| 19:45 | Build | House |
| 19:46 | Build | House |
| 19:48 | Create | Villager (Male) |
| 19:48 | Create | Villager (Male) |
| 19:48 | Create | Villager (Male) |
| 19:55 | Research | Wheelbarrow |
| 19:59 | Research | Wheelbarrow |
| 20:01 | Create | Villager (Male) |
| 20:04 | Create | Villager (Male) |
| 20:04 | Create | Villager (Male) |
| 20:08 | Create | Villager (Male) |
| 20:12 | Build | Farm |
| 20:16 | Build | Farm |
| 20:23 | Build | Farm |
| 20:27 | Build | Farm |
| 20:28 | Create | Villager (Male) |
| 20:28 | Create | Villager (Male) |
| 20:29 | Create | Villager (Male) |
| 20:35 | Build | House |
| 20:36 | Build | House |
| 20:45 | Build | Farm |
| 20:49 | Build | Farm |
| 21:02 | Create | Villager (Male) |
| 21:04 | Build | Farm |
| 21:06 | Create | Villager (Male) |
| 21:08 | Create | Villager (Male) |
| 21:18 | Build | Farm |
| 21:30 | Build | Farm |
| 21:32 | Create | Villager (Male) |
| 21:33 | Create | Villager (Male) |
| 21:33 | Create | Villager (Male) |
| 21:38 | Build | Farm |
| 21:49 | Build | House |
| 21:50 | Build | House |
| 21:51 | Build | House |
| 21:54 | Create | Villager (Male) |
| 21:54 | Create | Villager (Male) |
| 21:55 | Create | Villager (Male) |
| 22:11 | Build | Farm |
| 22:25 | Build | Town Center |
| 22:31 | Create | Villager (Male) |
| 22:31 | Create | Villager (Male) |
| 22:32 | Create | Villager (Male) |
| 22:39 | Build | Farm |
| 22:44 | Research | Heavy Plow |
| 22:45 | Create | Villager (Male) |
| 22:46 | Create | Villager (Male) |
| 22:46 | Create | Villager (Male) |
| 22:52 | Build | House |
| 22:53 | Build | House |
| 23:16 | Create | Villager (Male) |
| 23:17 | Create | Villager (Male) |
Build order — simirfan
101 actions detected in the replay
| 0:10 | Build | House |
| 0:15 | Build | House |
| 1:49 | Research | Loom |
| 1:50 | Create | Villager (Male) ×4 |
| 4:09 | Create | Villager (Male) ×4 |
| 5:36 | Create | Villager (Male) ×4 |
| 5:55 | Build | House |
| 5:57 | Build | House |
| 7:30 | Build | Lumber Camp |
| 8:02 | Build | Mining Camp |
| 9:07 | Research | Feudal Age |
| 9:53 | Build | Mill |
| 10:49 | Build | Lumber Camp |
| 11:17 | Create | Villager (Male) ×5 |
| 11:17 | Age | Feudal Age |
| 11:57 | Build | Stone Wall |
| 12:42 | Build | Gate |
| 12:53 | Build | Stone Wall |
| 13:03 | Build | Gate |
| 13:24 | Build | Stone Wall |
| 13:57 | Build | Farm |
| 13:58 | Build | Farm |
| 13:58 | Build | Farm |
| 13:58 | Build | Farm |
| 13:59 | Build | Farm |
| 14:53 | Create | Villager (Male) ×5 |
| 15:37 | Build | Mining Camp |
| 15:56 | Build | House |
| 15:58 | Build | House |
| 15:59 | Build | House |
| 16:02 | Build | House |
| 16:09 | Build | House |
| 17:35 | Build | Watch Tower |
| 19:18 | Build | Lumber Camp |
| 19:29 | Build | Farm |
| 19:29 | Build | Farm |
| 20:25 | Research | Double-Bit Axe |
| 21:19 | Research | Gold Mining |
| 21:20 | Research | Stone Mining |
| 22:38 | Build | Gate |
| 23:00 | Create | Villager (Male) ×5 |
| 23:25 | Build | Market |
| 23:31 | Build | Blacksmith |
| 23:47 | Build | Farm |
| 23:59 | Build | Farm |
| 23:59 | Build | Farm |
| 23:59 | Build | Farm |
| 24:00 | Build | Farm |
| 24:56 | Build | Farm |
| 24:56 | Build | Farm |
| 24:56 | Build | Farm |
| 24:56 | Build | Farm |
| 25:03 | Create | Villager (Male) ×5 |
| 25:40 | Build | House |
| 25:41 | Build | House |
| 25:44 | Build | House |
| 26:03 | Research | Castle Age |
| 27:14 | Build | House |
| 27:16 | Build | House |
| 27:27 | Build | House |
| 27:50 | Build | Farm |
| 27:51 | Build | Farm |
| 27:59 | Create | Villager (Male) ×5 |
| 28:46 | Create | Trade Cart ×5 |
| 29:50 | Age | Castle Age |
| 30:03 | Research | Bow Saw |
| 30:08 | Research | Horse Collar |
| 30:28 | Build | Castle |
| 32:39 | Research | Silk Road |
| 32:55 | Research | Stone Shaft Mining |
| 33:08 | Build | Farm |
| 33:08 | Build | Farm |
| 33:09 | Build | Farm |
| 33:09 | Build | Farm |
| 33:09 | Build | Farm |
| 33:11 | Build | Farm |
| 33:46 | Research | Imperial Age |
| 33:52 | Create | Villager (Male) ×5 |
| 34:03 | Research | Wheelbarrow |
| 34:04 | Research | Town Watch |
| 34:17 | Research | Scale Mail Armor |
| 34:18 | Research | Forging |
| 34:20 | Research | Scale Barding Armor |
| 34:38 | Build | Barracks |
| 34:41 | Build | Barracks |
| 34:44 | Build | Barracks |
| 35:58 | Build | Stone Wall |
| 36:16 | Build | Gate |
| 36:27 | Build | Stone Wall |
| 36:38 | Research | Squires |
| 36:38 | Research | Pikeman (upgrade) |
| 36:39 | Research | Man-at-Arms (upgrade) |
| 36:43 | Research | Arson |
| 36:51 | Create | Spearman ×5 |
| 36:51 | Create | Spearman ×5 |
| 36:51 | Create | Spearman ×5 |
| 36:52 | Create | Spearman ×5 |
| 36:56 | Age | Imperial Age |
| 38:50 | Build | Gate |
| 39:02 | Build | Stone Wall |
| 41:09 | Build | Town Center |
Match timeline
| 0:48 | Geosim · wall_segment Palisade Wall x6 |
| 1:15 | Geosim · wall_segment Palisade Wall x18 |
| 1:24 | M.S. · wall_segment Palisade Wall x10 |
| 1:28 | M.S. · wall_segment Palisade Wall x6 |
| 1:31 | Beck · wall_segment Palisade Wall x4 |
| 1:42 | Geosim · wall_segment Palisade Wall x7 |
| 1:49 | Duke Of Sudan · wall_segment Palisade Wall x10 |
| 2:31 | Beck · wall_segment Palisade Wall x4 |
| 2:52 | karamasce · wall_segment Palisade Wall x7 |
| 2:54 | Geosim · wall_segment Palisade Wall x16 |
| 3:33 | M.S. · wall_segment Palisade Wall x7 |
| 3:36 | M.S. · wall_segment Palisade Wall x5 |
| 3:38 | Beck · wall_segment Palisade Wall x5 |
| 3:45 | karamasce · wall_segment Palisade Wall x8 |
| 3:48 | Geosim · wall_segment Palisade Wall x9 |
| 3:54 | 516903017 · wall_segment Palisade Wall x9 |
| 4:11 | M.S. · wall_segment Palisade Wall x1 |
| 4:39 | 516903017 · wall_segment Palisade Wall x5 |
| 5:22 | 516903017 · wall_segment Palisade Wall x6 |
| 8:29 | Gordo Cabron · wall_segment Palisade Wall x9 |
| 10:45 | Beck · first_building Barracks |
| 10:54 | Geosim · first_building Barracks |
| 11:17 | simirfan · age_up feudal |
| 11:35 | Beck · wall_segment Palisade Wall x4 |
| 11:55 | 516903017 · age_up feudal |
| 11:57 | simirfan · wall_segment Stone Wall x11 |
| 12:04 | Gordo Cabron · age_up feudal |
| 12:17 | Duke Of Sudan · age_up feudal |
| 12:53 | simirfan · wall_segment Stone Wall x6 |
| 12:58 | Beck · age_up feudal |
| 13:22 | Gordo Cabron · wall_segment Stone Wall x13 |
| 13:24 | simirfan · wall_segment Stone Wall x2 |
| 13:53 | karamasce · age_up feudal |
| 13:56 | M.S. · age_up feudal |
| 13:57 | Geosim · age_up feudal |
| 14:26 | M.S. · wall_segment Stone Wall x17 |
| 15:10 | M.S. · wall_segment Stone Wall x18 |
| 15:42 | Beck · wall_segment Stone Wall x5 |
| 15:45 | Duke Of Sudan · first_market_sell 100 wood |
| 15:47 | Duke Of Sudan · first_market_buy 100 food |
| 15:50 | 516903017 · age_up castle |
| 16:28 | Gordo Cabron · age_up castle |
| 17:22 | M.S. · wall_segment Stone Wall x9 |
| 17:28 | M.S. · wall_segment Stone Wall x13 |
| 18:48 | Duke Of Sudan · age_up castle |
| 18:51 | M.S. · age_up castle |
| 19:08 | M.S. · wall_segment Stone Wall x2 |
| 19:11 | M.S. · wall_segment Stone Wall x4 |
| 19:21 | M.S. · wall_segment Stone Wall x7 |
| 19:26 | Beck · age_up castle |
| 19:28 | Beck · first_building Siege Workshop |
| 19:37 | Gordo Cabron · first_building Castle |
| 19:46 | Gordo Cabron · first_building Monastery |
| 19:53 | Duke Of Sudan · first_building Monastery |
| 21:16 | karamasce · wall_segment Stone Wall x8 |
| 21:18 | M.S. · first_market_buy 100 wood |
| 21:32 | M.S. · first_building Monastery |
| 21:45 | Geosim · first_market_buy 100 food |
| 22:10 | Duke Of Sudan · first_building Castle |
| 22:31 | Gordo Cabron · first_building Barracks |
| 22:56 | Beck · wall_segment Stone Wall x3 |
| 22:57 | karamasce · age_up castle |
| 22:59 | Beck · wall_segment Stone Wall x3 |
| 23:05 | Beck · wall_segment Stone Wall x4 |
| 23:08 | Gordo Cabron · first_market_buy 100 food |
| 23:19 | Gordo Cabron · first_building Stable |
| 23:22 | Duke Of Sudan · first_building Siege Workshop |
| 23:22 | Beck · first_market_buy 100 food |
| 23:39 | M.S. · first_building Siege Workshop |
| 23:48 | Geosim · first_market_sell 100 wood |
| 23:54 | Geosim · age_up castle |
| 23:55 | karamasce · first_building Castle |
| 24:42 | 516903017 · first_building Barracks |
| 24:58 | 516903017 · first_building Siege Workshop |
| 25:23 | karamasce · first_building Monastery |
| 25:26 | Beck · first_building Monastery |
| 25:45 | 516903017 · first_building Monastery |
| 26:14 | Geosim · first_building Siege Workshop |
| 27:02 | 516903017 · first_building Archery Range |
| 27:05 | 516903017 · first_building Stable |
| 27:19 | 516903017 · first_building Castle |
| 28:18 | Gordo Cabron · first_market_sell 100 wood |
| 29:09 | Duke Of Sudan · age_up imperial |
| 29:26 | Beck · first_building Castle |
| 29:48 | M.S. · wall_segment Stone Wall x5 |
| 29:50 | simirfan · age_up castle |
| 29:51 | 516903017 · age_up imperial |
| 29:52 | M.S. · wall_segment Stone Wall x7 |
| 29:54 | M.S. · wall_segment Stone Wall x18 |
| 30:25 | karamasce · first_building Barracks |
| 30:28 | simirfan · first_building Castle |
| 31:05 | Geosim · first_building Monastery |
| 31:33 | M.S. · first_building Barracks |
| 31:48 | Gordo Cabron · age_up imperial |
| 32:25 | karamasce · first_building Stable |
| 33:35 | M.S. · first_building Castle |
| 33:36 | M.S. · age_up imperial |
| 34:27 | Beck · age_up imperial |
| 34:38 | simirfan · first_building Barracks |
| 34:45 | M.S. · first_building Archery Range |
| 35:20 | Beck · wall_segment Stone Wall x13 |
| 35:28 | Beck · wall_segment Stone Wall x7 |
| 35:52 | Geosim · first_building Castle |
| 35:58 | simirfan · wall_segment Stone Wall x8 |
| 36:27 | simirfan · wall_segment Stone Wall x8 |
| 36:46 | karamasce · first_building Siege Workshop |
| 36:56 | simirfan · age_up imperial |
| 38:17 | karamasce · first_market_buy 500 food |
| 38:29 | Beck · first_market_sell 100 stone |
| 39:02 | simirfan · wall_segment Stone Wall x8 |
| 40:07 | Geosim · age_up imperial |
| 41:30 | Geosim · resign |
| 41:34 | karamasce · age_up imperial |
[ AI ANALYSIS · 1 CREDIT ]
What really happened in this match?
Wolo.gg analyzes every decision: build order, eco, micro, common mistakes by bracket. Personalized analysis on WhatsApp or Discord in 30 seconds.
Civ guide
Bohemians
Perfil
Jugador #811437